 Dungeon Crawl Stone Soup version 0.22.1-1-ga44c0e56f4 (webtiles) character file.

14129 Reeggar the Protected (level 11, -13/100 HPs)
             Began as a Deep Dwarf Berserker on Oct 23, 2018.
             Was a High Priest of Trog.
             Mangled by an orc warrior
             ... wielding a +0 battleaxe
              (22 damage)
             ... on level 2 of the Orcish Mines.
             The game lasted 01:05:17 (12195 turns).

Reeggar the Protected (Deep Dwarf Berserker)       Turns: 12195, Time: 01:05:18

Health: -13/100    AC: 17    Str: 27    XL:     11   Next: 84%
Magic:  0/0        EV:  8    Int:  8    God:    Trog [*****.]
Gold:   950        SH: 10    Dex: 12    Spells: 10/10 levels left

rFire    . . .     SeeInvis .   b - +4 war axe (elec)
rCold    + . .     Gourm    .   L - +0 shield
rNeg     . . .     Faith    .   s - +0 chain mail
rPois    .         Spirit   .   K - +1 helmet
rElec    .         Reflect  .   o - scarf {repulsion}
rCorr    .         Harm     .   g - +0 pair of gloves
MR       +....                  (no boots)
Stlth    ..........             (no amulet)
HPRegen  0.00/turn              Q - +3 ring of strength
MPRegen  0.07/turn              A - ring of protection from cold

@: berserk cooldown, non-regenerating, slowed, repel missiles, very slow
A: damage resistance, heal wounds, sense surroundings 2, no regeneration
a: Heal Wounds, Berserk, Trog's Hand, Brothers in Arms, Renounce Religion


You were on level 2 of the Orcish Mines.
You worshipped Trog.
Trog was extremely pleased with you.
You were hungry.

You visited 3 branches of the dungeon, and saw 14 of its levels.
You also visited: Sewer.

You collected 950 gold pieces.

Inventory:

Hand Weapons
 b - a +4 war axe of electrocution (weapon)
 r - a +4 mace of holy wrath
 E - a +1 long sword of protection
 P - a +0 fustibalus of velocity
Armour
 g - a +0 pair of gloves (worn)
 o - a scarf of repulsion (worn)
 s - a +0 chain mail (worn)
 K - a +1 helmet (worn)
 L - a +0 shield (worn)
 S - a +0 plate armour
Jewellery
 a - a +3 ring of protection {unknown}
 d - an uncursed ring of stealth
 w - an uncursed ring of ice
 A - a ring of protection from cold (right hand)
 O - an uncursed ring of protection from magic
 Q - a +3 ring of strength (left hand)
Wands
 u - a wand of disintegration (16)
 D - a wand of paralysis (22)
 M - a wand of polymorph (8)
Scrolls
 e - 5 scrolls of magic mapping
 f - 9 scrolls of remove curse
 h - 2 scrolls of random uselessness
 i - 8 scrolls of teleportation
 k - a scroll of enchant weapon
 q - 5 scrolls of amnesia
 y - 4 scrolls of enchant armour
 B - a scroll of immolation {unknown}
 F - 2 scrolls of noise {unknown}
 G - 3 scrolls of blinking {unknown}
 H - 3 scrolls of fear {unknown}
 I - 2 scrolls of fog {unknown}
 R - a scroll of identify
Potions
 j - 2 potions of curing
 l - a potion of mutation {unknown}
 m - 3 potions of brilliance
 n - a potion of might
 p - 3 potions of lignification
 t - 2 potions of agility
 v - 3 potions of heal wounds
 x - a potion of berserk rage {unknown}
 z - 2 potions of ambrosia {unknown}
 C - 3 potions of flight
 J - a potion of cancellation {unknown}
 N - a potion of invisibility {unknown}
Comestibles
 c - 10 rations


   Skills:
 + Level 7.4 Fighting
 + Level 6.6(10.0) Axes
 + Level 10.8(11.4) Maces & Flails
 * Level 13.2 Armour
 - Level 2.9 Dodging
 + Level 1.8 Stealth
 + Level 3.9 Shields


You had 10 spell levels left.
You didn't know any spells.
Your spell library was empty.

Dungeon Overview and Level Annotations

Branches:
Dungeon (11/15)            Temple (0/1) D:7            Lair (1/6) D:11
    Orc (2/2) D:11
    Elf: Orc:2

Altars:
Dithmenos
Elyvilon
Hepliaklqana
Kikubaaqudgha
Nemelex Xobeh
Qazlal
Sif Muna
Trog
Uskayaw
Wu Jian
Xom
Yredelemnul
Zin

Shops:
D:8 *


Innate Abilities, Weirdness & Mutations

You are resistant to damage.
You can heal yourself by infusing magical energy.
You passively map the area around you.
You do not regenerate.


Message History

Trog accepts your kill.
Trog will gift you weapons as you gain piety.
You closely miss the orc warrior. You block the orc warrior's attack.
You block the orc's attack. The orc warrior closely misses you.
You slice the orc!!
You kill the orc!
Trog accepts your kill.
You barely miss the orc warrior.
The orc warrior no longer looks unusually strong.
The orc warrior hits you with a battleaxe!
* * * LOW HITPOINT WARNING * * *
Your shield and chain mail prevent you from hitting the orc warrior.
You block the orc warrior's attack.
You closely miss the orc warrior. You block the orc warrior's attack.
You slice the orc warrior!!
The orc warrior is severely wounded.
The orc warrior hits you with a battleaxe!
* * * LOW HITPOINT WARNING * * *
The orc warrior hits you with a battleaxe!!
You die...

* ,, , , , ,* ,
,,.................,**
, * ,
.......$.........., *
,,............#......
*,,
......<.........#.#, ,
, ,
.................## ,,
,
,........#........$.*
, ,
.......#).......... ,
,, $..#...<.@.........
, *
,......(..o)..$..... ,
, .......()().(.....#
, , ,
....$....#))....##. ,
* , ,
................# , ,
.$.....#........... ,
,.......###......##. *
,#.#.#.# ###.#### ,*,
*######* ## **


You could see an orc warrior.

Vanquished Creatures
  A hydra (Lair:1)
  Erolcha (D:10)
  2 two-headed ogres
  A tengu warrior (D:10)
  2 cyclopes
  2 spiny frogs (Lair:1)
  A tengu conjurer (D:10)
  2 trolls
  3 hippogriffs
  2 wraiths
  10 yaks
  Menkaure (D:6)
  7 wargs (D:11)
  A water moccasin (D:10)
  A porcupine (Lair:1)
  Purgy (Sewer)
  2 black bears (D:6)
  An eye of draining (D:8)
  2 ice beasts
  2 sky beasts
  7 ogres
  5 orc warriors
  2 necrophages
  4 phantoms
  5 centaurs
  An elf zombie (D:8)
  9 bullfrogs
  3 scorpions
  A wight (D:8)
  2 howler monkeys
  4 crimson imps
  A jelly (D:11)
  2 bullfrog zombies (D:8)
  2 human zombies (D:8)
  4 bullfrog skeletons
  3 hounds
  A centaur zombie (D:9)
  4 orc priests
  2 centaur skeletons (D:5)
  10 orc wizards
  2 iguanas
  2 human skeletons (D:8)
  8 worker ants
  An ogre skeleton (D:8)
  A hound skeleton (D:9)
  2 mummies (D:8)
  A howler monkey zombie (D:5)
  A howler monkey skeleton (D:6)
  6 adders
  3 shadow imps
  2 adder skeletons
  3 worms
  2 dart slugs (D:1)
  8 leopard geckos
  27 orcs
  4 bats
  11 giant cockroaches
  14 goblins
  5 hobgoblins
  8 jackals
  7 kobolds
  3 quokkas
  A ball python (D:1)
  9 frilled lizards
  A leopard gecko zombie (D:6)
  An orc zombie (D:8)
  A quokka skeleton (D:8)
  A quokka zombie (D:5)
  5 rats
  2 fungi (Lair:1)
259 creatures vanquished.

Vanquished Creatures (collateral kills)
  An orc knight (Orc:2)
  A quasit (D:8)
  A hound (D:8)
  2 orc wizards
  An orc (Orc:1)
6 creatures vanquished.

Vanquished Creatures (others)
  A jackal (D:1)
1 creature vanquished.

Grand Total: 266 creatures vanquished

Notes
Turn   | Place    | Note
-------+----------+-------------------------------------------
     0 | D:1      | Reeggar the Deep Dwarf Berserker began the quest for the
                  | Orb.
     0 | D:1      | Reached XP level 1. HP: 20/20 MP: 1/1
    35 | D:1      | Reached XP level 2. HP: 18/27 MP: 2/2
   232 | D:1      | Reached XP level 3. HP: 18/34 MP: 3/3
   505 | D:1      | You fall through a shaft!
   854 | D:2      | Reached ** piety under Trog
   988 | D:2      | Noticed an earth elemental
   990 | D:2      | Found a stormy altar of Qazlal.
   991 | D:2      | Noticed a water elemental
   991 | D:2      | Noticed an air elemental
   991 | D:2      | Noticed a fire elemental
  1261 | D:2      | Found a faded altar of an unknown god.
  1593 | D:2      | Reached XP level 4. HP: 42/42 MP: 4/4
  1767 | D:2      | Reached skill level 1 in Stealth
  2276 | D:3      | Reached skill level 3 in Armour
  2276 | D:3      | Reached XP level 5. HP: 44/49 MP: 5/5
  3067 | D:4      | Found a glowing drain.
  3093 | Sewer    | Entered a sewer
  3143 | Sewer    | Reached *** piety under Trog
  3169 | Sewer    | Noticed Purgy
  3187 | Sewer    | Killed Purgy
  3187 | Sewer    | Reached skill level 4 in Armour
  3187 | Sewer    | Reached XP level 6. HP: 56/56 MP: 5/5
  3297 | D:4      | Found a basalt altar of Yredelemnul.
  3560 | D:4      | Reached skill level 5 in Maces & Flails
  4029 | D:4      | Found a sparkling altar of Nemelex Xobeh.
  4029 | D:4      | Found a glowing silver altar of Zin.
  4238 | D:5      | Entered Level 5 of the Dungeon
  4249 | D:5      | Reached skill level 5 in Armour
  4253 | D:5      | Reached XP level 7. HP: 25/63 MP: 6/6
  4615 | D:5      | Reached skill level 6 in Armour
  5041 | D:5      | Reached skill level 7 in Armour
  5411 | D:6      | Reached XP level 8. HP: 61/72 MP: 7/7
  5550 | D:6      | Noticed Menkaure
  5555 | D:6      | Killed Menkaure
  5568 | D:6      | Reached skill level 8 in Armour
  5650 | D:6      | Found a bloodstained altar of Trog.
  5743 | D:6      | Reached **** piety under Trog
  5754 | D:6      | Found a faded altar of an unknown god.
  5754 | D:6      | Found a faded altar of an unknown god.
  5772 | D:6      | Found a hazy altar of Hepliaklqana.
  5796 | D:6      | Found a hide-covered altar of Uskayaw.
  5798 | D:6      | Found a deep blue altar of Sif Muna.
  5921 | D:6      | Reached skill level 9 in Armour
  6290 | D:7      | Found a shadowy altar of Dithmenos.
  6305 | D:7      | Gained mutation: You passively map the area around you.
                  | [Deep Dwarf growth]
  6305 | D:7      | Reached XP level 9. HP: 47/80 MP: 7/7
  6352 | D:7      | Reached skill level 5 in Fighting
  6489 | D:7      | Found a staircase to the Ecumenical Temple.
  7348 | D:8      | Found an ancient bone altar of Kikubaaqudgha.
  7397 | D:8      | Reached skill level 10 in Armour
  7470 | D:8      | Noticed a two-headed ogre
  7482 | D:8      | Killed a two-headed ogre
  7540 | D:8      | Found an ornate altar of the Wu Jian Council.
  7601 | D:8      | Reached XP level 10. HP: 74/91 MP: 5/5
  7744 | D:8      | Found an ancient bone altar of Kikubaaqudgha.
  8219 | D:8      | Found Voxoem Biplo's Assorted Antiques.
  8508 | D:9      | Found a shimmering altar of Xom.
  8510 | D:9      | Found a shimmering altar of Xom.
  8521 | D:9      | Reached skill level 11 in Armour
  8523 | D:9      | Found a shimmering altar of Xom.
  8633 | D:9      | Found a white marble altar of Elyvilon.
  8855 | D:9      | You fall through a shaft!
  8855 | D:10     | Entered Level 10 of the Dungeon
  8909 | D:10     | Noticed Erolcha
  8926 | D:10     | Killed Erolcha
  8926 | D:10     | Reached skill level 10 in Maces & Flails
  9026 | D:9      | You fall through a shaft!
  9069 | D:10     | Noticed a tengu warrior
  9089 | D:10     | Killed a tengu warrior
  9089 | D:10     | Reached skill level 12 in Armour
  9507 | D:10     | Reached skill level 1 in Shields
 10103 | D:11     | Reached XP level 11. HP: 59/99 MP: 2/2
 10192 | D:11     | Noticed a two-headed ogre
 10198 | D:11     | Killed a two-headed ogre
 10198 | D:11     | Reached skill level 1 in Axes
 10624 | D:11     | Found a staircase to the Orcish Mines.
 10635 | D:11     | Reached ***** piety under Trog
 10666 | Orc:1    | Entered Level 1 of the Orcish Mines
 10988 | D:11     | Reached skill level 5 in Axes
 11004 | D:11     | Found a staircase to the Lair.
 11118 | Lair:1   | Entered Level 1 of the Lair of Beasts
 11715 | Lair:1   | Noticed a five-headed hydra
 11733 | Lair:1   | Killed a 16-headed hydra
 11733 | Lair:1   | Reached skill level 13 in Armour
 12160 | Orc:2    | Entered Level 2 of the Orcish Mines
 12168 | Orc:2    | Noticed an orc knight
 12186 | Orc:2    | Killed an orc knight
 12195 | Orc:2    | Mangled by an orc warrior

Skill      XL: |  1  2  3  4  5  6  7  8  9 10 11 |
---------------+----------------------------------+-----
Fighting       | 3 4 5 6 7 |  7.4
Maces & Flails | 4 5 6 7 9 10 | 10.8
Stealth        | 1 |  1.8
Armour         | 3 4 5 7 9 10 12 13 | 13.2
Shields        | 2 3 |  3.9
Axes           | 6 |  6.6
Dodging        | |  2.9

Action                   |  1- 3 |  4- 6 |  7- 9 | 10-12 || total
-------------------------+-------+-------+-------+-------++-------
Melee: Mace              |   115 |   237 |   372 |   205 ||   929
       War axe           |       |       |       |   193 ||   193
Invok: Berserk           |     2 |     2 |     2 |     8 ||    14
       Trog's Hand       |       |       |     1 |     4 ||     5
       Brothers in Arms  |       |       |       |     3 ||     3
 Abil: Heal Wounds       |     3 |     2 |    11 |    12 ||    28
  Use: Scroll            |       |     8 |    10 |    12 ||    30
 Stab: Sleeping          |     3 |     1 |       |       ||     4
  Eat: Chunk             |     4 |     6 |     3 |     6 ||    19
       Ration            |       |     2 |     3 |     5 ||    10
Armor: Animal skin       |    31 |       |       |       ||    31
       Ring mail         |    17 |     8 |       |       ||    25
       Chain mail        |       |   164 |   207 |   239 ||   610
Dodge: Dodged            |   146 |   166 |   176 |   159 ||   647
       Deflected         |       |     7 |     3 |     5 ||    15
Block: Shield            |       |       |       |   141 ||   141
